 Dungeon Crawl Stone Soup version 0.28-a0-620-g539b0f7ac7 (webtiles) character file.

Game seed: 14097379513223264150

834 bande the Covered (level 7, -7/44 HPs)
             Began as a Gargoyle Fighter on Oct 7, 2021.
             Was a Follower of Okawaru.
             Mangled by an orc warrior (8 damage)
             ... on level 5 of the Dungeon.
             The game lasted 00:09:00 (5453 turns).

bande the Covered (Gargoyle Fighter)                Turns: 5453, Time: 00:09:01

Health: -7/44      AC: 24    Str: 20    XL:     7   Next: 98%
Magic:  0/8        EV:  6    Int:  9    God:    Okawaru [*.....]
Gold:   50         SH:  4    Dex: 10    Spells: 6/6 levels left

rFire   + . .      SeeInvis .   a - +0 war axe (protect)
rCold   . . .      Faith    .   c - +0 buckler
rNeg    + . .      Spirit   +   e - +0 plate armour
rPois   ∞          Reflect  .   (no helmet)
rElec   +          Harm     .   (no cloak)
rCorr   .          Rampage  .   (no gloves)
Will    .....                   (no boots)
Stlth   ..........              n - amulet of Faobb {Spirit rPois rF+}
HPRegen 0.14/turn               (no ring)
MPRegen 0.11/turn               (no ring)

@: under a protective aura
A: sickness immunity, AC +4, negative energy resistance 1, electricity
resistance, torment resistance 1, petrification resistance
a: Renounce Religion, Heroism


You were on level 5 of the Dungeon.
You worshipped Okawaru.
Okawaru was aware of your devotion.
You visited 2 branches of the dungeon, and saw 7 of its levels.

You collected 241 gold pieces.
You spent 191 gold pieces at shops.

Inventory:

Hand Weapons
 a - a +0 war axe of protection (weapon)
 h - a +2 flail of protection
 o - a +0 battleaxe of flaming
Missiles
 l - 2 throwing nets (quivered)
Armour
 c - a +0 buckler (worn)
 e - a +0 plate armour (worn)
Jewellery
 i - an amulet of magic regeneration
 n - the amulet of Faobb (around neck) {Spirit rPois rF+}
   (You acquired it on level 6 of the Dungeon)

   [amulet of guardian spirit]

   It causes incoming damage to be divided between your reserves of health and
   magic.
   rF:        It protects you from fire.
   rPois:     It protects you from poison.
Scrolls
 b - 2 scrolls of fear
 f - 2 scrolls of amnesia
 g - a scroll of blinking
Potions
 d - 3 potions of might
 j - a potion of curing
 k - a potion of invisibility


   Skills:
 + Level 4.7 Fighting
 + Level 5.5 Axes
 + Level 5.5 Armour
 + Level 4.4 Shields
 * Level 2.6 Invocations


You had 6 spell levels left.
You didn't know any spells.
Your spell library contained the following spells:

 Spells                   Type           Power      Damage    Failure   Level
 Slow                     Hex            0%         N/A       100%        2
 Confusing Touch          Hex            0%         N/A       100%        3
 Portal Projectile        Hex/Tloc       0%         N/A       100%        3
 Leda's Liquefaction      Hex/Erth       0%         N/A       100%        4
 Yara's Violent Unravell  Hex/Tmut       0%         3d3       100%        5
 Call Canine Familiar     Summ           Unusable   N/A       N/A         3

Dungeon Overview and Level Annotations

Branches:
Dungeon (6/15)             Temple (1/1) D:4

Altars:
Ashenzari
Dithmenos
Elyvilon
Hepliaklqana
Makhleb
Nemelex Xobeh
Okawaru
Qazlal
Sif Muna
Trog
Zin

Shops:
D:5 (


Innate Abilities, Weirdness & Mutations

You are immune to sickness and miasma.
Your stone body is resilient. (AC +4)
You are immune to poison.
You resist negative energy. (rN+)
You are resistant to electric shocks. (rElec)
You are resistant to unholy torment.
You are immune to petrification.


Message History

The orc warrior hits you with a +0 long sword!
* * * LOW HITPOINT WARNING * * *
You are very lightly contaminated with residual magic.
The orc wizard points at the orc priest and mumbles some strange words.
The magic dart hits the orc priest!
The orc priest shouts!
You see here a +0 giant spiked club.
You flicker for a moment.
You see here a +0 glaive.
The orc priest calls upon Beogh to heal the orc wizard.
The orc wizard's wounds heal themselves!
You flicker back into view.
Your magical contamination has completely faded away.
There is a stone staircase leading up here.
There is a stone staircase leading up here.
You can't go up here!
An orc warrior is nearby!
There is a stone staircase leading up here.
You block the orc warrior's attack.
You climb upwards.
There is a stone staircase leading down here.
You hit the orc warrior but do no damage.
Your weapon exudes an aura of protection.
The orc warrior hits you but does no damage.
You hit the orc warrior but do no damage.
The orc warrior hits you with a +0 long sword!
* * * LOW HITPOINT WARNING * * *
You slash the orc warrior!
The orc warrior is moderately wounded.
The orc warrior hits you with a +0 long sword.
* * * LOW HITPOINT WARNING * * *
You block the orc warrior's attack.
You closely miss the orc warrior.
The orc warrior is moderately wounded.
The orc warrior hits you with a +0 long sword.
* * * LOW HITPOINT WARNING * * *
Your plate armour prevents you from hitting the orc warrior.
The orc warrior is moderately wounded.
The orc warrior hits you with a +0 long sword!
You die...

############# ########
#...........# #....†.#
#.#########.###########.####.##
#.# #......>...<....##.## #.#
#############.###...# #.#
#############.# #.8.# #.#
#..o@.........# #...# #.#
#.############# ##.## #.# #.#
#.# #.# #.# ##### ##.## #.# #.#
###...###...# #.#
#.#######...8....._.. #.#
#.........#...###...# #.#
############### ##.## #.## #.#


You could see an orc warrior.

Vanquished Creatures
  A sky beast (D:3)
  A necrophage (D:5)
  2 ogres
  A kobold brigand (D:4)
  2 scorpions
  A howler monkey (D:4)
  2 iguanas (D:4)
  2 orc wizards (D:5)
  6 adders
  An adder skeleton (D:4)
  3 dart slugs
  8 orcs
  3 bats
  4 endoplasms
  4 giant cockroaches
  13 goblins
  8 hobgoblins
  12 jackals
  3 quokkas
  6 ball pythons
  6 frilled lizards
  9 kobolds
  4 rats
102 creatures vanquished.

Vanquished Creatures (others)
  A bush (D:5)
1 creature vanquished.

Grand Total: 103 creatures vanquished

Notes
Turn   | Place    | Note
-------+----------+-------------------------------------------
     0 | D:1      | bande the Gargoyle Fighter began the quest for the Orb.
     0 | D:1      | Reached XP level 1. HP: 14/14 MP: 1/1
    60 | D:1      | Reached XP level 2. HP: 10/19 MP: 2/2
   637 | D:1      | Reached XP level 3. HP: 23/23 MP: 3/3
  1090 | D:2      | Found a faded altar of an unknown god.
  1486 | D:2      | Reached XP level 4. HP: 26/29 MP: 4/4
  2524 | D:3      | Noticed a sky beast
  2541 | D:3      | Killed a sky beast
  2542 | D:3      | Reached XP level 5. HP: 20/33 MP: 5/5
  2789 | D:4      | Found a staircase to the Ecumenical Temple.
  2848 | D:4      | Reached XP level 6. HP: 24/38 MP: 6/6
  2888 | Temple   | Entered the Ecumenical Temple
  3060 | Temple   | Became a worshipper of Warmaster Okawaru
  3275 | D:4      | Found a burning altar of Makhleb.
  3309 | D:4      | Reached skill level 1 in Invocations
  3568 | D:4      | Reached XP level 7. HP: 21/44 MP: 6/8
  4182 | D:5      | Entered Level 5 of the Dungeon
  4377 | D:5      | Reached * piety under Okawaru
  4378 | D:5      | Reached skill level 5 in Axes
  4395 | D:5      | Reached skill level 5 in Armour
  4606 | D:5      | Found a white marble altar of Elyvilon.
  5007 | D:5      | Found Qafeisash's Weapon Emporium.
  5012 | D:5      | Bought a +0 battleaxe of flaming for 191 gold pieces
  5094 | D:6      | Identified a scroll of acquirement
  5094 | D:6      | Acquired the amulet of Faobb {Spirit rPois rF+}
  5232 | D:6      | Found a shimmering blue altar of Sif Muna.
  5403 | D:6      | HP: 1/44 [orc priest/divine providence (6)]
  5452 | D:5      | HP: 1/44 [orc warrior (2)]
  5453 | D:5      | Mangled by an orc warrior

Illustrated notes

Levels and vault maps discovered:
D:1:      dpeg_arrival_round_a, layout_loops_ring, kennysheep_decorative_pillar
D:2:      minmay_chambers_of_twos, layout_loops_ring, basic_ecumenical_altar
D:3:      layout_basic, kennysheep_potato
D:4:      layout_basic, overflow_temple_1_default,
          minmay_temple_entry_purple_smoke, minmay_checkerbox
D:5:      layout_loops_ring, elyvilon_altar_1, serial_shops, nicolae_shop_trees,
          minmay_hedge_maze
D:6:      layout_loops_ring, lemuel_doored_altar, lemuel_blue_sif_altar,
          advil_vaults_ghost_lines, uniq_edmund
Temple:   nicolae_temple_figure_zero

Skill      XL: |  1  2  3  4  5  6  7 |
---------------+----------------------+-----
Axes           | 2 3 4 5 |  5.5
Armour         | 4 5 |  5.5
Fighting       | 4 |  4.7
Shields        | 4 |  4.4
Invocations    | 1 2 |  2.6

Action                   |  1- 3 |  4- 6 |  7- 9 || total
-------------------------+-------+-------+-------++-------
Melee: War axe           |   108 |   160 |    89 ||   357
  Use: Scroll            |       |     7 |     5 ||    12
       Potion            |       |       |     2 ||     2
Armor: Scale mail        |    23 |       |       ||    23
       Plate armour      |    60 |   133 |    61 ||   254
Dodge: Dodged            |    48 |    64 |    23 ||   135
Block: Buckler           |    26 |    40 |    19 ||    85

Table legend: (Time is in decaauts)
 A = Elapsed time spent in this place.
 B = Non-inter-level travel time spent in this place.
 C = Inter-level travel time spent in this place.
 D = Time resting spent in this place.
 E = Time spent auto-exploring this place.
 F = Levels seen in this place.
 G = Mean time per level.
                   A        B        C        D        E       F      G
               +--------+--------+--------+--------+--------+-----+--------+
         Total |   5571 |   5479 |     92 |    795 |   3588 |   7 |  795.9 |
       Dungeon |   5384 |   5299 |     85 |    795 |   3423 |   6 |  897.3 |
        Temple |    186 |    179 |      7 |      0 |    165 |   1 |  186.0 |
               +--------+--------+--------+--------+--------+-----+--------+

Top non-repeatable levels by time:
     D:4: 1231 daAuts
     D:1: 1117 daAuts
     D:2: 942 daAuts
     D:5: 905 daAuts
     D:3: 802 daAuts
     D:6: 385 daAuts
  Temple: 186 daAuts
